 Dungeon Crawl Stone Soup version 0.31.0-9-g3a7656b989 (webtiles) character file.

Game seed: 4843847298256810953

28 qw the Shooter (level 2, 0/14 HPs)
             Began as a Spriggan Hunter on Feb 2, 2024.
             Slain by an adder (2 damage)
             ... on level 2 of the Dungeon.
             The game lasted 00:00:02 (853 turns).

qw the Shooter (Spriggan Hunter)                     Turns: 853, Time: 00:00:03

Health: 0/14       AC:  2    Str:  7    XL:     2   Next: 96%
Magic:  3/3        EV: 19    Int: 10    God:
Gold:   56         SH:  5    Dex: 18    Spells: 1/1 levels left

rFire   . . .        a - +0 shortbow
rCold   . . .        (shield currently unavailable)
rNeg    . . .        c - +0 robe
rPois   .            (helmet restricted)
rElec   .            (no cloak)
rCorr   .            (gloves unavailable)
SInv    +            (boots unavailable)
Will    .....        j - amulet of reflection
Stlth   ++           (no ring)
HPRegen 0.22/turn    (no ring)
MPRegen 0.08/turn

%: reflection
@: very quick
A: very small, no large weapons, unfitting armour, see invisible, speed 3
a: no special abilities


You were on level 2 of the Dungeon.
You visited 1 branch of the dungeon, and saw 2 of its levels.

You collected 56 gold pieces.


Innate Abilities, Weirdness & Mutations

You are very small and have problems with some larger weapons.
You are too small for most types of armour.
You have supernaturally acute eyesight. (SInv)
You cover ground extremely quickly. (Speed+++)


   Skills:
 - Level 1.5 Fighting
 + Level 4.4 Ranged Weapons
 - Level 4.0 Dodging
 - Level 1.5 Stealth


You had one spell level left.
You didn't know any spells.
Your spell library was empty.

Inventory:

Hand Weapons
 a - a +0 shortbow (weapon)
Armour
 c - a +0 robe (worn)
Jewellery
 j - an amulet of reflection (around neck)
Potions
 h - a potion of might {unknown}

Dungeon Overview and Level Annotations

Branches:
Dungeon (2/15)

Altars:

Shops:
D:1 !


Message History

Waypoint 1 assigned to D:2.
Found a club.
You see here the +6 dagger of the Shore {holy, MP+9}.
Found a stone staircase leading down.
Found 7 stones.
Found a potion of invisibility.
An adder comes into view.
Found a leather armour.
The adder moves out of view.
An adder and an endoplasm come into view.
You shoot an arrow. The arrow misses the adder.
The adder hisses angrily.
You shoot an arrow. The arrow barely misses the adder.
You shoot an arrow. The arrow closely misses the adder.
You shoot an arrow. The arrow barely misses the adder.
The adder misses you.
You shoot an arrow.
The arrow hits the adder but does no damage.
The adder completely misses you. The adder misses you.
You shoot an arrow. The arrow closely misses the adder.
The adder completely misses you. The endoplasm freezes you.
You are frozen.
You shoot an arrow. The arrow barely misses the adder.
The adder closely misses you. The endoplasm barely misses you.
The adder bites you.
You shoot an arrow. The arrow hits the adder.
The adder is heavily wounded.
The endoplasm closely misses you. The adder closely misses you.
You shoot an arrow. The arrow misses the adder.
You block the adder's attack. The endoplasm closely misses you.
The adder barely misses you.
You shoot an arrow. The arrow misses the adder.
The endoplasm freezes you.
You are frozen.
The adder closely misses you. The endoplasm completely misses you.
You shoot an arrow. The arrow barely misses the adder.
The adder bites you. The endoplasm freezes you.
You are frozen.
The adder bites you.
You die...

.. #.####.#...... ...
#......#.^.... [...
#########....).
..#####..............
..............).....
#..............##..
#....!..........#..
######...............#..
......J@.............#..
......S.....(..#####.#..
...............# #.#..
...............#####.#..
....[................#..
..............######....
......######### #.###
...... #.... .. #####


You could see an adder and an endoplasm.

Vanquished Creatures
  A dart slug (D:1)
  3 endoplasms (D:1)
  A giant cockroach (D:1)
  4 goblins (D:1)
  2 jackals (D:1)
  A quokka (D:1)
  3 ball pythons (D:1)
  2 bats (D:1)
  2 frilled lizards (D:1)
  4 kobolds (D:1)
  2 rats (D:1)
25 creatures vanquished.

Notes
Turn   | Place    | Note
-------+----------+-------------------------------------------
     0 | D:1      | qw the Spriggan Hunter began the quest for the Orb.
     0 | D:1      | Reached XP level 1. HP: 10/10 MP: 2/2
     0 | D:1      | 0 ||| qw: Version: 0.3-a-155-g5e7d8dd
     0 | D:1      | 0 ||| qw: Game counter: 2488
     0 | D:1      | 0 ||| qw: Melee chars always use a shield: true
     0 | D:1      | 0 ||| qw: God list: Okawaru
     0 | D:1      | 0 ||| qw: Allow faded altars: false
     0 | D:1      | 0 ||| qw: Do Orc after clearing Dungeon:15 true
     0 | D:1      | 0 ||| qw: Do second Lair branch before Depths: true
     0 | D:1      | 0 ||| qw: Lair rune preference: random
     0 | D:1      | 0 ||| qw: Goals: Normal
     0 | D:1      | 0 ||| PLANNING D:1-11
    26 | D:1      | Found Xubot's Distillery.
    32 | D:1      | 32 ||| SHOPLISTING potion of curing (39 gold, have 13).
    32 | D:1      | 32 ||| SHOPLISTING potion of haste (130 gold, have 13).
    32 | D:1      | 32 ||| SHOPLISTING potion of might (52 gold, have 13).
    49 | D:1      | Reached skill level 3 in Dodging
   174 | D:1      | Reached XP level 2. HP: 14/14 MP: 3/3
   362 | D:1      | Found a faded altar of an unknown god.
   722 | D:1      | 722 ||| UPGRADING to amulet of reflection.
   727 | D:1      | 727 ||| READING scroll labelled FIRUIF BUOWN.
   728 | D:1      | 728 ||| READING scroll labelled ECRINT RESHRU.
   728 | D:1      | 728 ||| IDENTIFYING fizzy brown potion
   729 | D:1      | 729 ||| READING scroll labelled ZIBAPSAUBYF.
   733 | D:1      | 733 ||| READING scroll labelled DOEGYRR CIEDD.
   734 | D:1      | 734 ||| DROPPING scroll of butterflies.
   735 | D:1      | 735 ||| DROPPING potion of invisibility.
   796 | D:2      | Identified the +6 dagger of the Shore {holy, MP+9}
   853 | D:2      | HP: 2/14 [frozen (4)]
   853 | D:2      | Slain by an adder

Levels and vault maps discovered:
D:1:      psy_arrival_terrarium, layout_loops_ring,
          shapermc_ecumenical_altar_gd, serial_shops,
          nicolae_shop_industrial_runoff
D:2:      layout_basic, uniq_jessica

Skill      XL: |  1  2 |
---------------+-------+-----
Dodging        | 3 4 |  4.0
Fighting       | |  1.5
Ranged Weapons | |  4.4
Stealth        | |  1.5

Action                     || total
---------------------------++-------
   Fire: Shortbow          ||    69
    Use: Scroll            ||     4
 Armour: Robe              ||     8
  Dodge: Dodged            ||    38
  Block: Other             ||     1

Table legend:
 A = Non-vault XP
 B = Vault XP
 C = Vault XP percentage of total XP
 D = Non-vault monster count
 E = Vault monster count
 F = Vault count percentage of total count
                 A         B        C        D         E       F
            +---------+---------+-------+---------+---------+-------
      Total |      40 |       0 |   0.0 |      25 |       0 |   0.0
            +---------+---------+-------+---------+---------+-------
        D:1 |      40 |       0 |   0.0 |      25 |       0 |   0.0
            +---------+---------+-------+---------+---------+-------
